 Dungeon Crawl Stone Soup version 0.17.1-3-g152610e (webtiles) character file.

56 Gargoyl the Skirmisher (level 3, -2/29 HPs)
             Began as a Demonspawn Abyssal Knight on Apr 19, 2016.
             Was a Follower of Lugonu.
             Slain by a gnoll (6 damage)
             ... on level 1 of the Dungeon.
             The game lasted 00:03:13 (1314 turns).

Gargoyl the Skirmisher (Demonspawn Abyssal Knight)  Turns: 1314, Time: 00:03:13

Health: -2/29      AC:  6    Str: 13    XL:     3   Next: 71%
Magic:  5/5        EV: 10    Int: 13    God:    Lugonu [*.....]
Gold:   26         SH:  0    Dex: 15    Spells: 0 memorised, 2 levels left

rFire  . . .     SeeInvis .     a - +1 hand axe
rCold  . . .     Clarity  .     d - +0 ring mail
rNeg   . . .     SustAt   .     (no shield)
rPois  .         Gourm    .     (helmet restricted)
rElec  .         Spirit   .     (no cloak)
rCorr  .         Warding  .     (no gloves)
rMut   .         Stasis   .     e - +0 pair of boots
MR     .....                    (no amulet)
Stlth  ++........               (no ring)
                                i - +3 ring of dexterity (curse)

@: not resistant to hostile enchantments, unstealthy
A: antennae 1, nightstalker 1
a: Depart the Abyss, Renounce Religion


You were on level 1 of the Dungeon.
You worshipped Lugonu.
Lugonu was aware of your devotion.
You were hungry.

You visited 1 branch of the dungeon, and saw 2 of its levels.
You visited the Abyss 1 time.

You collected 26 gold pieces.

Inventory:

Hand Weapons
 a - a +1 hand axe (weapon)
Armour
 d - a +0 ring mail (worn)
 e - a +0 pair of boots (worn)
Jewellery
 i - a cursed +3 ring of dexterity (left hand)
Scrolls
 f - 2 scrolls of teleportation {unknown}
 g - a scroll of blinking {unknown}
 h - a scroll of remove curse {unknown}
 j - a scroll of identify {unknown}
Potions
 b - a potion of haste {unknown}
 l - a potion of curing
 n - a potion of might {unknown}
Comestibles
 c - 4 bread rations
 m - a beef jerky
 o - 2 meat rations


   Skills:
 + Level 3.2 Fighting
 + Level 2.4 Axes
 * Level 2.5 Armour
 + Level 1.1 Dodging
 + Level 0.2 Stealth
 + Level 2.9 Invocations


You had 2 spell levels left.
You didn't know any spells.

Dungeon Overview and Level Annotations

Branches:
Dungeon (2/15)

Altars:


Innate Abilities, Weirdness & Mutations

You have a pair of small antennae on your head.
You are slightly more attuned to the shadows.


Message History

The gnoll hits you from afar with a spear.
There is a stone staircase leading up here.
The gnoll barely misses you.
The gnoll hits you from afar with a spear.
You climb upwards.
There is a stone staircase leading down here.
You hit the gnoll.
The gnoll is almost dead.
The gnoll hits you.
* * * LOW HITPOINT WARNING * * *
You barely miss the gnoll.
The gnoll is almost dead.
The gnoll hits you but does no damage.
You hit the gnoll but do no damage.
The gnoll is almost dead.
The gnoll barely misses you.
You hit the gnoll but do no damage.
The gnoll is almost dead.
The gnoll hits you.
You die...

###### #....# #..#.#
##..#.#
##.....#########
#..............##
#..##.##.....#..#####
#...@........'.....†.
###g#.##.....##.#####
####.#.##...)....#...#
#....#..#####..###.#.#
#.#####(# #........#
#.# ###.# ##.......#
#.# #...# #########
#.# #.### #.# #.#


You could see a gnoll.

Vanquished Creatures
  Robin (D:2)
  A gnoll (D:1)
  2 giant geckos
  A ball python (D:1)
  2 giant cockroaches
  3 hobgoblins
  5 kobolds
  2 quokkas (D:2)
  2 bats (D:1)
  2 giant newts (D:1)
  11 goblins
  2 rats (D:1)
34 creatures vanquished.

Notes
Turn   | Place    | Note
--------------------------------------------------------------
     0 | Abyss:1  | Gargoyl the Demonspawn Abyssal Knight began the quest for the Orb.
     0 | Abyss:1  | Reached XP level 1. HP: 18/18 MP: 2/2
    61 | Abyss:1  | Noticed a large abomination
    61 | Abyss:1  | Found a corrupted altar of Lugonu.
    99 | Abyss:1  | Noticed a large abomination
   102 | D:1      | Escaped the Abyss
   458 | D:1      | Gained mutation: You are slightly more attuned to the shadows. [demonic ancestry]
   458 | D:1      | Reached XP level 2. HP: 24/24 MP: 4/4
   510 | D:1      | Reached * piety under Lugonu
   784 | D:2      | Reached skill level 1 in Dodging
   991 | D:2      | Noticed Robin
   997 | D:2      | Gained mutation: You have a pair of small antennae on your head. [demonic ancestry]
   997 | D:2      | Reached XP level 3. HP: 19/29 MP: 5/5
  1010 | D:2      | Killed Robin
  1314 | D:1      | Slain by a gnoll

Action                   || total
-------------------------++-------
Melee: Hand axe          ||    99
Invok: Depart the Abyss  ||     1
  Use: Potion            ||     1
  Eat: Chunk             ||     1
